 Dungeon Crawl Stone Soup version 0.30-a0-540-g0af01429fa (webtiles) character file.

Game seed: 3355872469487200849

3797 hikkokomori the Destroyer (level 9, -2/57 HPs)
             Began as a Demonspawn Conjurer on Dec 25, 2022.
             Was a Believer of Okawaru.
             Slain by Gastronok (8 damage)
             ... on level 8 of the Dungeon.
             The game lasted 00:26:33 (8391 turns).

hikkokomori the Destroyer (Demonspawn Conjurer)     Turns: 8391, Time: 00:26:34

Health: -2/57      AC:  5    Str:  7    XL:     9   Next: 96%
Magic:  4/17       EV: 16    Int: 25    God:    Okawaru [**....]
Gold:   442        SH:  0    Dex: 18    Spells: 6/18 levels left

rFire   + . .      SeeInvis .    D - +1 dagger "Kytoeh" {elec, *Corrode rF+ rN+ Int+3}
rCold   . . .      Faith    .    (no shield)
rNeg    + . .      Spirit   .    a - +0 robe
rPois   +          Reflect  .    (helmet restricted)
rElec   .          Harm     .    r - +2 cloak {Will+}
rCorr   .          Rampage  .    (no gloves)
Will    +....                    (no boots)
Stlth   +++++                    f - amulet of regeneration
HPRegen 1.09/turn                h - ring of poison resistance
MPRegen 0.15/turn                v - +4 ring of evasion

@: very slightly contaminated
A: antennae 2, thin skeletal structure 2
a: Renounce Religion, Heroism


You were on level 8 of the Dungeon.
You worshipped Okawaru.
Okawaru was pleased with you.
You visited 2 branches of the dungeon, and saw 9 of its levels.

You collected 442 gold pieces.

Inventory:

Hand Weapons
 e - a +0 flail
 w - a +4 dagger of venom
 D - the +1 dagger "Kytoeh" (weapon) {elec, *Corrode rF+ rN+ Int+3}
   (You found it on level 5 of the Dungeon)

   It occasionally discharges a powerful burst of electricity upon striking a
   foe.
   Int:       It affects your intelligence (+3).
   rF:        It protects you from fire.
   rN:        It protects you from negative energy.
   *Corrode:  It may corrode you when you take damage.
Missiles
 K - 2 throwing nets
Armour
 a - a +0 robe (worn)
 r - a +2 cloak of willpower (worn)
 z - a +0 kite shield
Jewellery
 f - an amulet of regeneration (around neck)
 h - a ring of poison resistance (left hand)
 m - a ring of protection from fire
 q - a ring of protection from fire
 u - a +6 ring of strength
 v - a +4 ring of evasion (right hand)
 x - a ring of willpower
 B - a ring of magical power
Wands
 n - a wand of flame (30)
 y - a wand of light (10)
 C - a wand of paralysis (8)
Scrolls
 c - a scroll of magic mapping {unknown}
 d - 4 scrolls of poison
 g - a scroll of amnesia {unknown}
 j - a scroll of teleportation
 k - a scroll of fear {unknown}
 l - 2 scrolls of blinking {unknown}
 p - a scroll of fog {unknown}
 t - 3 scrolls of vulnerability
 A - a scroll of enchant weapon {unknown}
 F - a scroll of enchant armour {unknown}
 J - 2 scrolls of identify
Potions
 b - a potion of magic
 i - a potion of curing
 o - a potion of resistance {unknown}
 E - a potion of attraction
 G - a potion of mutation {unknown}
 H - a potion of brilliance {unknown}
 I - a potion of ambrosia {unknown}
 L - a potion of might {unknown}


   Skills:
 - Level 1.7 Dodging
 - Level 3.1 Stealth
 - Level 5.3 Spellcasting
 + Level 9.9 Conjurations
 + Level 6.7 Hexes
 + Level 5.6 Transmutations


You had 6 spell levels left.
You knew the following spells:

 Your Spells              Type           Power      Damage    Failure   Level
a - Magic Dart            Conj           100%       1d8       1%          1
b - Searing Ray           Conj           100%       2d8       1%          2
c - Fulminant Prism       Conj/Hex       24%        3d12      2%          4
d - Irradiate             Conj/Tmut      22%        3d19      9%          5

Your spell library contained the following spells:

 Spells                   Type           Power      Damage    Failure   Level
 Dazzling Flash           Conj/Hex       96%        N/A       1%          3
 Mephitic Cloud           Conj/Pois/Air  23%        N/A       6%          3
 Iskenderun's Mystic Bla  Conj/Tloc      31%        2d8       11%         4
 Cigotuvi's Dreadful Rot  Necr/Pois/Air  12%        N/A       12%         2
 Sublimation of Blood     Necr           6%         N/A       12%         2
 Gell's Gravitas          Tloc           6%         N/A       24%         3
 Lesser Beckoning         Tloc           12%        N/A       24%         3
 Teleport Other           Tloc           6%         N/A       24%         3
 Petrify                  Tmut/Erth      20%        N/A       26%         4
 Dispel Undead            Necr           6%         3d8       61%         4
 Storm Form               Tmut/Air       10%        N/A       100%        7
 Maxwell's Capacitive Co  Air            3%         ∞         100%        8
 Call Imp                 Summ           Unusable   N/A       N/A         2
 Summon Lightning Spire   Summ/Air       Unusable   N/A       N/A         4
 Death Channel            Necr           Unusable   N/A       N/A         6

Dungeon Overview and Level Annotations

Branches:
Dungeon (8/15)             Temple (1/1) D:7
   Lair: D:8-11

Altars:
Cheibriados
Dithmenos
Fedhas
Gozag
Hepliaklqana
Kikubaaqudgha
Okawaru
Qazlal
Ru
Sif Muna
Uskayaw
Wu Jian
Xom
Yredelemnul

Shops:
D:2 (

Annotations:
D:4 2 runed translucent doors, ojifijod's ghost, amateur OgGl
D:7 1 runed translucent door, Crazy Yiuf
D:8 Gastronok


Innate Abilities, Weirdness & Mutations

You have a pair of antennae on your head.
You have a moderately thin skeletal structure. (Dex +4, Stealth++)


Message History

The blast of energy engulfs Gastronok!!
Gastronok is severely wounded.
You hear a bellow!
Aiming: Paralyse
Press: ? - help, Shift-Dir - straight line, f - Gastronok
Aim: Gastronok, wearing a +0 hat of stealth (severely wounded, covering ground quickly, misshapen and mutated, chance to affect: 17%)
Okay, then.
Aiming: Fastroot
Press: ? - help, Shift-Dir - straight line The roots erupt in riotous growth!
Roots grab Gastronok.
The now-empty wand crumbles to dust.
The grasping roots constrict Gastronok.
Gastronok waves his eye-stalks in wide circles.
The air twists around and strikes you!!
Ouch! That really hurt!
* * * LOW HITPOINT WARNING * * *
Unknown command.
Aiming: Bolt of Light
Press: ? - help, Shift-Dir - straight line, f - Gastronok
Aim: Gastronok, wearing a +0 hat of stealth (severely wounded, covering ground quickly, misshapen and mutated, constricted by roots, 100% to hit)
The bolt of light hits Gastronok!
Gastronok is severely wounded.
Gastronok is blinded.
The grasping roots constrict Gastronok!
Okay, then.
Unknown command.
You hit Gastronok.
Gastronok is almost dead.
The grasping roots constrict Gastronok.
The roots release their grip on Gastronok.
Gastronok bites you!
* * * LOW HITPOINT WARNING * * *
Unknown command.
You hit Gastronok.
Gastronok is almost dead.
Unknown command.
You barely miss Gastronok.
Gastronok is almost dead.
A wyvern comes into view.
Gastronok bites you!
You die...

#.### ###.# #.#..
.#.# #.#.#### .#.#.#
#.#.#..# ..#.#
#.#.#(.# ..#.#
#.#.#..#####.#.#
#÷#÷#......#.#.#
#÷÷............####.#
#.#..<....)#@.......#
############.w####..
.{.....l..#
#########.... ...#.#
##.# .# #


You could see Gastronok (swift, blind, misshapen) and a wyvern (wandering).

Vanquished Creatures
  A hornet (D:8)
  2 wraiths
  6 yaks (D:8)
  3 steam dragons
  2 orc warriors (D:7)
  A sky beast (D:6)
  4 black bears
  A centaur (D:8)
  A phantom (D:4)
  Blork the orc (D:6)
  A necrophage (D:5)
  A bullfrog (D:6)
  2 gnoll sergeants (D:7)
  3 scorpions
  4 killer bees (D:7)
  2 hounds
  3 orc priests
  2 iguanas
  6 orc wizards
  Natasha (thrice) (D:3)
  6 gnolls
  5 adders
  A white imp (D:7)
  3 worms
  3 dart slugs
  18 orcs
  5 bats
  8 endoplasms
  4 giant cockroaches
  4 goblins
  4 hobgoblins
  2 kobolds
  7 quokkas
  6 ball pythons
  4 frilled lizards
  7 rats
  A fulminant prism (D:6)
137 creatures vanquished.

Vanquished Creatures (others)
  47 fulminant prisms
  3 fungi (D:7)
  25 plants
75 creatures vanquished.

Grand Total: 212 creatures vanquished

Notes
Turn   | Place    | Note
-------+----------+-------------------------------------------
     0 | D:1      | hikkokomori the Demonspawn Conjurer began the quest for the
                  | Orb.
     0 | D:1      | Reached XP level 1. HP: 13/13 MP: 3/3
   384 | D:1      | Gained mutation: You have a pair of small antennae on your
                  | head. [demonic ancestry]
   384 | D:1      | Reached XP level 2. HP: 19/19 MP: 0/5
   970 | D:1      | Reached skill level 5 in Conjurations
  1038 | D:1      | Reached XP level 3. HP: 24/24 MP: 6/6
  1251 | D:2      | Found an opulent altar of Gozag.
  1286 | D:2      | Learned a level 2 spell: Searing Ray
  1957 | D:2      | Reached XP level 4. HP: 30/30 MP: 2/7
  2219 | D:2      | Found Entoch's Weapon Emporium.
  2378 | D:3      | Found a shadowy altar of Dithmenos.
  2726 | D:3      | Reached XP level 5. HP: 35/35 MP: 5/9
  2825 | D:3      | Noticed Natasha
  2828 | D:3      | Killed Natasha
  2829 | D:3      | Reached skill level 6 in Conjurations
  3111 | D:3      | Found an opulent altar of Gozag.
  3112 | D:3      | Noticed Natasha
  3118 | D:3      | Killed Natasha
  3236 | D:3      | Noticed Natasha
  3242 | D:3      | Killed Natasha
  3599 | D:4      | Noticed a steam dragon
  3609 | D:4      | Killed a steam dragon
  3610 | D:4      | Reached XP level 6. HP: 35/41 MP: 1/12
  3746 | D:4      | Found a large runed translucent door.
  3746 | D:4      | Found a large runed translucent door.
  3748 | D:4      | Noticed ojifijod's ghost (amateur OgGl)
  3976 | D:4      | Reached skill level 7 in Conjurations
  4099 | D:4      | Gained mutation: You have a somewhat thin skeletal
                  | structure. (Dex +2, Stealth+) [demonic ancestry]
  4099 | D:4      | Reached XP level 7. HP: 46/46 MP: 4/14
  4265 | D:4      | Learned a level 4 spell: Fulminant Prism
  4313 | D:5      | Entered Level 5 of the Dungeon
  4362 | D:5      | Found a hazy altar of Hepliaklqana.
  4415 | D:5      | Noticed a wraith
  4421 | D:5      | Killed a wraith
  4422 | D:5      | Reached skill level 5 in Spellcasting
  4422 | D:5      | Reached skill level 1 in Hexes
  4697 | D:5      | Found a snail-covered altar of Cheibriados.
  5011 | D:5      | Identified the +1 dagger "Kytoeh" {elec, *Corrode rF+ rN+
                  | Int+3}
  5267 | D:6      | Found a hide-covered altar of Uskayaw.
  5316 | D:6      | Gained mutation: You have a moderately thin skeletal
                  | structure. (Dex +4, Stealth++) [demonic ancestry]
  5316 | D:6      | Reached XP level 8. HP: 52/52 MP: 14/16
  5323 | D:6      | Learned a level 5 spell: Irradiate
  5358 | D:6      | Found a shimmering blue altar of Sif Muna.
  5560 | D:6      | Reached skill level 1 in Transmutations
  5830 | D:6      | Reached skill level 8 in Conjurations
  5893 | D:6      | Noticed Blork the orc
  5901 | D:6      | Killed Blork the orc
  6692 | D:7      | Found a stormy altar of Qazlal.
  6699 | D:7      | Found a staircase to the Ecumenical Temple.
  6706 | Temple   | Entered the Ecumenical Temple
  6775 | Temple   | Became a worshipper of Warmaster Okawaru
  7009 | D:7      | Gained mutation: You have a pair of antennae on your head.
                  | [demonic ancestry]
  7009 | D:7      | Reached XP level 9. HP: 47/57 MP: 3/17
  7015 | D:7      | Reached * piety under Okawaru
  7016 | D:7      | Reached skill level 5 in Hexes
  7386 | D:7      | Found an ancient bone altar of Kikubaaqudgha.
  7402 | D:7      | Reached skill level 9 in Conjurations
  7778 | D:7      | Found a runed translucent door.
  7779 | D:7      | Noticed Crazy Yiuf
  8047 | D:8      | Reached ** piety under Okawaru
  8048 | D:8      | Reached skill level 5 in Transmutations
  8284 | D:8      | Noticed Gastronok
  8391 | D:8      | Slain by Gastronok

Illustrated notes

Levels and vault maps discovered:
D:1:      mrwooster_arrival_statue, layout_loops_corners,
          chequers_serial_rivers_room_a
D:2:      minmay_wonky_spiral, layout_loops_cross, basic_altar, serial_shops,
          shop_coins
D:3:      layout_basic, nicolae_dithmenos_the_darkroom, grunt_gozag_breadcrumbs,
          uniq_natasha
D:4:      layout_rooms, ebering_ghost_disaster_area
D:5:      layout_basic, mainiacjoe_overflow_brackets, marbit_many_paths,
          mainiacjoe_overflow_catwalk_spiral, amcnicky_mini_pool_small,
          minmay_door_square, minmay_misc_feat_doors
D:6:      layout_basic, mainiacjoe_overflow_chevrons,
          mainiacjoe_overflow_alcove_4, wad_floor_pattern_untrapped,
          uniq_blork_the_orc
D:7:      layout_loops_cross, nicolae_qazlal_eye_of_the_storm,
          nicolae_kikubaaqudgha_miasma_corner,
          minmay_temple_entry_gardened_gates, nicolae_grassy_gnolls,
          uniq_crazy_yiuf_cottage
D:8:      layout_basic, amcnicky_altar_gilded, hex_medium, uniq_gastronok,
          uniq_erica
Temple:   nicolae_temple_superstar

Skill      XL: |  1  2  3  4  5  6  7  8  9 |
---------------+----------------------------+-----
Conjurations   | 5 6 7 8 9 |  9.9
Spellcasting   | 3 4 5 |  5.3
Stealth        | 3 |  3.1
Hexes          | 2 4 6 |  6.7
Transmutations | 3 5 |  5.6
Dodging        | |  1.7

Action                   |  1- 3 |  4- 6 |  7- 9 || total
-------------------------+-------+-------+-------++-------
Melee: Flail             |    24 |     7 |     3 ||    34
       Dagger            |       |       |    69 ||    69
 Cast: Magic Dart        |    65 |    68 |    49 ||   182
       Searing Ray       |       |    10 |    10 ||    20
       Fulminant Prism   |       |       |    48 ||    48
       Irradiate         |       |       |     2 ||     2
Evoke: Wand              |       |     1 |     2 ||     3
  Use: Scroll            |       |       |     6 ||     6
       Potion            |       |       |     3 ||     3
 Stab: Sleeping          |     3 |       |     1 ||     4
Armor: Robe              |     5 |     6 |    20 ||    31
Dodge: Dodged            |    21 |     5 |    86 ||   112

Table legend: (Time is in decaauts)
 A = Elapsed time spent in this place.
 B = Non-inter-level travel time spent in this place.
 C = Inter-level travel time spent in this place.
 D = Time resting spent in this place.
 E = Time spent auto-exploring this place.
 F = Levels seen in this place.
 G = Mean time per level.
                   A        B        C        D        E       F      G
               +--------+--------+--------+--------+--------+-----+--------+
         Total |   8435 |   8166 |    269 |   1125 |   5778 |   9 |  937.2 |
       Dungeon |   8206 |   7963 |    243 |   1051 |   5677 |   8 | 1025.8 |
        Temple |    229 |    203 |     26 |     74 |    101 |   1 |  229.0 |
               +--------+--------+--------+--------+--------+-----+--------+

Top non-repeatable levels by time:
     D:6: 1503 daAuts
     D:7: 1295 daAuts
     D:1: 1256 daAuts
     D:2: 1140 daAuts
     D:3: 1137 daAuts
     D:5: 933 daAuts
     D:4: 791 daAuts
  Temple: 229 daAuts
     D:8: 147 daAuts
